 Dungeon Crawl Stone Soup version 0.30-a0-793-g160f7cfddd (webtiles) character file.

Game seed: 11279841040571158920

108171 jasper the Scorcher (level 17, -3/131 HPs)
             Began as a Human Conjurer on Feb 19, 2023.
             Was a High Priest of Vehumet.
             Slain by a bunyip (21 damage)
             ... on level 2 of the Swamp.
             The game lasted 01:10:41 (35199 turns).

jasper the Scorcher (Human Conjurer)               Turns: 35199, Time: 01:10:41

Health: -3/131     AC: 12    Str:  5    XL:     17   Next: 3%
Magic:  15/42      EV: 16    Int: 39    God:    Vehumet [*****.]
Gold:   725        SH:  5    Dex: 14    Spells: 8/41 levels left

rFire   + . .      SeeInvis .    z - +8 whip "Snakebite" {venom, curare, rPois}
rCold   + . .      Faith    .    g - +0 buckler
rNeg    + . .      Spirit   .    Y - +1 robe {rF+}
rPois   +          Reflect  .    W - +1 helmet
rElec   .          Harm     .    L - +2 cloak
rCorr   .          Rampage  .    N - +2 pair of gloves
Will    ++...                    h - +0 pair of boots
Stlth   ++                       X - amulet of magic regeneration
HPRegen 0.41/turn                k - ring "Lyizor" {rC+ Will+ MP+9 Int+4 Dex+3}
MPRegen 0.68/turn                R - ring "Fuarig" {rPois rN+ Str-5 Int+10 Slay+2}

@: very slightly contaminated
A: no striking features
a: Renounce Religion


You were on level 2 of the Swamp.
You worshipped Vehumet.
Vehumet was extremely pleased with you.
You visited 6 branches of the dungeon, and saw 26 of its levels.

You collected 2577 gold pieces.
You spent 1852 gold pieces at shops.

Inventory:

Hand Weapons
 a - the +3 spear of Jutujoil {heavy, rElec Dex+4}
   (You found it on level 14 of the Dungeon)

   Dex:       It affects your dexterity (+4).
   rElec:     It insulates you from electricity.
 z - the +8 whip "Snakebite" (weapon) {venom, curare, rPois}
   (You found it on level 5 of the Lair of Beasts)

   rPois:     It protects you from poison.
Missiles
 y - 13 javelins
 G - 3 throwing nets
Armour
 g - a +0 buckler (worn)
 h - a +0 pair of boots (worn)
 j - +0 acid dragon scales
 r - the +3 ring mail of Kemy {rPois rCorr}
   (You found it on level 2 of the Dungeon)

   rPois:     It protects you from poison.
   rCorr:     It protects you from acid and corrosion.
 D - a scarf of invisibility
 F - a +0 helmet
 L - a +2 cloak (worn)
 N - a +2 pair of gloves (worn)
 W - a +1 helmet (worn)
 Y - a +1 robe of fire resistance (worn)
Jewellery
 k - the ring "Lyizor" (left hand) {rC+ Will+ MP+9 Int+4 Dex+3}
   (You found it on level 3 of the Dungeon)

   [ring of magical power]

   Int:       It affects your intelligence (+4).
   Dex:       It affects your dexterity (+3).
   rC:        It protects you from cold.
   MP:        It affects your magic capacity (+9).
   Will:      It increases your willpower.
 l - a ring of fire
 K - a ring of see invisible
 Q - the ring "Bibyigis" {MP+9 Str+3 Int+3}
   (You found it on level 11 of the Dungeon)

   [ring of magical power]

   Str:       It affects your strength (+3).
   Int:       It affects your intelligence (+3).
   MP:        It affects your magic capacity (+9).
 R - the ring "Fuarig" (right hand) {rPois rN+ Str-5 Int+10 Slay+2}
   (You bought it in a shop on level 2 of the Orcish Mines)

   [ring of positive energy]

   Str:       It affects your strength (-5).
   Int:       It affects your intelligence (+10).
   Slay:      It affects your accuracy & damage with ranged weapons and melee
   (+2).
   rPois:     It protects you from poison.
   rN:        It protects you from negative energy.
 S - a +6 ring of strength
 V - a ring of wizardry
 X - an amulet of magic regeneration (around neck)
Wands
 H - a wand of flame (11)
 M - a wand of roots (40)
 O - a wand of polymorph (11)
 T - a wand of mindburst (12)
Scrolls
 c - 2 scrolls of blinking
 e - 14 scrolls of teleportation
 m - 9 scrolls of immolation
 n - a scroll of silence
 p - 2 scrolls of butterflies
 q - 6 scrolls of fog
 x - 8 scrolls of vulnerability
 C - 3 scrolls of fear
 E - 4 scrolls of enchant armour
 I - a scroll of magic mapping
 U - 5 scrolls of identify
 Z - 2 scrolls of enchant weapon
Potions
 b - 2 potions of magic
 d - 5 potions of brilliance
 f - 4 potions of might
 i - 2 potions of invisibility
 o - 7 potions of curing
 s - 4 potions of mutation
 t - 2 potions of haste
 u - a potion of berserk rage
 v - 5 potions of heal wounds
 w - 2 potions of ambrosia
 A - 5 potions of lignification
 B - 3 potions of flight
 J - 2 potions of cancellation
 P - 2 potions of attraction


   Skills:
 + Level 11.4 Fighting
 - Level 10.3 Dodging
 - Level 2.0 Stealth
 - Level 4.0 Shields
 - Level 12.6 Spellcasting
 * Level 11.8 Conjurations
 - Level 5.0 Hexes
 - Level 4.0 Translocations
 - Level 3.0 Transmutations
 * Level 16.3 Fire Magic
 - Level 0.9 Air Magic
 - Level 1.0 Poison Magic


You had 8 spell levels left.
You knew the following spells:

 Your Spells              Type           Power      Damage    Failure   Level
a - Magic Dart            Conj           100%       1d8       0%          1
b - Orb of Destruction    Conj           43%        9d12      3%          7
c - Mephitic Cloud        Conj/Pois/Air  57%        N/A       1%          3
d - Swiftness             Air            32%        N/A       3%          3
f - Scorch                Fire           100%       2d10      0%          2
g - Sticky Flame          Conj/Fire      94%        2d10      1%          4
h - Yara's Violent Unrav  Hex/Tmut       27%        3d12      2%          5
i - Ignition              Fire           50%        3d14      4%          8

Your spell library contained the following spells:

 Spells                   Type           Power      Damage    Failure   Level
 Lee's Rapid Deconstruct  Erth           12%        3d8*      13%         5
 Searing Ray              Conj           100%       2d8       0%          2
 Shock                    Conj/Air       100%       1d9       1%          1
 Cigotuvi's Dreadful Rot  Necr/Pois/Air  58%        N/A       1%          2
 Poisonous Vapours        Pois/Air       64%        N/A       1%          2
 Dazzling Flash           Conj/Hex       100%       N/A       1%          3
 Hailstorm                Conj/Ice       63%        3d13      1%          3
 Inner Flame              Hex/Fire       82%        N/A       1%          3
 Vhi's Electric Charge    Tloc/Air       88%        N/A       1%          3
 Flame Wave               Conj/Fire      94%        2d20      1%          4
 Fulminant Prism          Conj/Hex       37%        3d17      1%          4
 Iskenderun's Mystic Bla  Conj/Tloc      72%        2d15      1%          4
 Arcjolt                  Conj/Air       32%        1d42      1%          5
 Airstrike                Air            16%        2d(3-19)  3%          4
 Olgreb's Toxic Radiance  Pois           33%        N/A       3%          4
 Ice Form                 Ice/Tmut       36%        N/A       10%         4
 Simulacrum               Ice/Necr       12%        N/A       95%         6
 Ozocubu's Refrigeration  Ice            12%        4d10      97%         7
 Maxwell's Capacitive Co  Air            16%        ∞         100%        8


Dungeon Overview and Level Annotations

Branches:
Dungeon (15/15)            Temple (1/1) D:4            Lair (5/5) D:8
  Swamp (2/4) Lair:2       Spider (1/4) Lair:2          Orc (2/2) D:12
    Elf (0/3) Orc:2        Vaults (0/5) D:13         Depths (0/4) D:15
  Slime: Lair:4-5

Altars:
Ashenzari
Cheibriados
Dithmenos
Elyvilon
Fedhas
Gozag
Hepliaklqana
Kikubaaqudgha
Makhleb
Nemelex Xobeh
Okawaru
Qazlal
Ru
Sif Muna
Trog
Uskayaw
Vehumet
Wu Jian
Xom
Yredelemnul
Zin
The Shining One

Shops:
D:11 ?   Orc:2 [!(=?

Annotations:
D:4 3 runed translucent doors, Dittersdorf's ghost, amateur GrFi
D:10 1 runed translucent door, elongatedgoose's ghost, journeyman TrGl
D:15 1 runed translucent door, cheesebisquit's ghost, journeyman MfHs
Lair:4 exclusion: oklob plant
Lair:5 exclusion: obsidian statue


Message History

The bunyip's fire resistance burns away.
The tyrant leech burns!
The bunyip howls a warning cry!
The tyrant leech bites you but does no damage.
The bunyip claws you! The bunyip claws you!! The bunyip claws you.
You take 47 damage, and have 70/131 hp.
MASSIVE DAMAGE!!
You now have 37/42 mp.
Unknown command.
Casting: Scorch (safe; 0% risk of failure)
Confirm with . or Enter, or press ? or * to list all spells.
Casting: Ignition (dangerous; 4% risk of failure)
Press: ? - help, Dir - look around, f - activate You miscast Ignition.
You are very lightly contaminated with residual magic.
Nothing appears to happen.
The tyrant leech burns!
The tyrant leech bites you!!
The tyrant leech draws strength from your injuries!
You take 25 damage, and have 45/131 hp.
You now have 29/42 mp.
Unknown command.
Casting: Ignition (dangerous; 4% risk of failure)
Confirm with . or Enter, or press ? or * to list all spells.
Casting: Ignition (dangerous; 4% risk of failure)
Press: ? - help, Dir - look around, f - activate The air bursts into flame!
The fireball engulfs the bunyip!!!
The bunyip is burned terribly!
The bunyip is severely wounded.
The fireball engulfs the tyrant leech!!
You kill the tyrant leech!
Vehumet accepts your kill.
You smell burning wood.
The mangrove smoulders and burns.
Found a wand of mindburst (6).
You now have 22/42 mp.
Casting: Ignition (dangerous; 4% risk of failure)
Confirm with . or Enter, or press ? or * to list all spells.
Casting: Ignition (dangerous; 4% risk of failure)
Press: ? - help, Dir - look around, f - activate The air bursts into flame!
The fireball engulfs the bunyip!!
The bunyip is burned terribly!
The bunyip is almost dead.
The bunyip misses you. The bunyip claws you!!
* * * LOW HITPOINT WARNING * * *
The bunyip claws you!!
You die...

♣~..♣♣♣..P.P..§§..~
♣..§.....~~§.P§~§.§
♣........≈~~P....~
♣....~.≈≈≈~...~§.
♣♣♣~...~~~≈~≈.P.~..
♣♣♣♣♣~~~....~≈~≈....~..
♣♣.~.~§§§.~...~≈~~..~...
♣.~~~..~§§~......P..~..~
/.~~~§☼@§.~........~....
..~~..x...>!.....~.~...~
~~~....§..~~..~~~.~~.~..
~~~~~...♣.~†~~~..~~~....
~~~~~§...♣~~)~.~...~..~.
..~~~~~.. .♣§...♣♣~..~♣~
.~~~~. ~~÷§~~~~.
.~~~~.♣..~~.. ~.~~~.
♣~..~~~~~♣ .$~~~.♣♣.♣~.~
♣...~ ♣.~~~.. ♣♣..~~~.
♣♣~.


You could see a bunyip (catching breath, combustible).

Vanquished Creatures
  Rupert (D:15)
  The ghost of Ytheofip the Cleaver, a journeyman FoFi of Okawaru (D:14)
  4 dire elephants (Lair:5)
  3 bunyips
  A rakshasa (D:15)
  2 catoblepae
  4 ogre magi (Orc:2)
  4 vault guards (D:13)
  7 hydras
  4 centaur warriors
  Harold (D:9)
  7 boulder beetles
  14 two-headed ogres
  A death knight (D:14)
  4 alligators
  5 death yaks
  A tengu warrior (D:14)
  A spriggan berserker (Swamp:1)
  A skyshark (Lair:3)
  A spectral death yak (Lair:5)
  2 goliath frogs
  A skeletal warrior (D:13)
  A pharaoh ant (Lair:2)
  2 spriggan druids
  4 bog bodies
  A spectral anaconda (Lair:5)
  A flayed ghost (D:14)
  4 necromancers (Lair:5)
  7 ugly things
  2 deep elf pyromancers
  An oklob plant (Lair:5)
  An orc sorcerer (Orc:2)
  An orc knight (D:15)
  7 cyclopes
  5 elephants
  4 manticores
  A torpor snail (Lair:1)
  2 black mambas
  6 gargoyles
  11 cane toads
  2 dire elephant skeletons (Lair:5)
  2 rime drakes (Lair:5)
  3 unseen horrors
  6 komodo dragons
  2 efreet
  9 trolls
  6 meliai
  A bloated husk (Swamp:1)
  A tarantella (shapeshifter) (D:14)
  8 hornets
  A tarantella (Lair:2)
  A hornet (shapeshifter) (D:14)
  3 tyrant leeches
  7 blink frogs
  6 dream sheep (Lair:5)
  8 slime creatures
  7 shadows
  2 vampires
  4 wraiths (D:12)
  3 wyverns
  10 spriggans
  3 vampire mosquitoes
  61 yaks
  4 basilisks
  3 wargs
  A redback (Lair:2)
  8 swamp worms
  14 water moccasins
  4 acid dragons
  A floating eye (D:12)
  17 orc warriors
  3 black bears
  3 swamp drakes
  An elephant zombie (Lair:5)
  29 ogres
  6 wolves (Lair:5)
  4 centaurs
  A phantom (D:5)
  14 bullfrogs
  4 necrophages
  5 gnoll sergeants
  A cane toad simulacrum (Lair:5)
  6 scorpions
  5 wights (D:6)
  15 killer bees
  An electric eel (Lair:2)
  A troll skeleton (D:11)
  A howler monkey (D:12)
  5 spriggan skeletons (D:11)
  3 hounds
  3 gnoll boudas
  22 orc priests
  Jessica (D:2)
  5 iguanas
  25 orc wizards
  6 hell rats (Lair:4)
  30 gnolls
  7 adders
  A shadow imp (D:7)
  2 white imps
  7 ufetubi
  4 worms
  2 dart slugs (D:1)
  84 orcs
  8 ball pythons
  4 bats
  3 endoplasms
  6 giant cockroaches
  4 goblins
  10 hobgoblins
  A jackal (shapeshifter) (D:15)
  4 jackals
  2 quokkas
  4 frilled lizards
  7 kobolds
  3 rats
  A bush (Lair:5)
  A fulminant prism (Orc:2)
704 creatures vanquished.

Vanquished Creatures (others)
  An orc wizard (D:12)
  12 fulminant prisms
  39 fungi
  44 plants
  11 toadstools (Lair:5)
  22 withered plants (Lair:5)
129 creatures vanquished.

Grand Total: 833 creatures vanquished

Notes
Turn   | Place    | Note
-------+----------+-------------------------------------------
     0 | D:1      | jasper the Human Conjurer began the quest for the Orb.
     0 | D:1      | Reached XP level 1. HP: 13/13 MP: 3/3
   204 | D:1      | Reached XP level 2. HP: 19/19 MP: 0/5
   207 | D:1      | Learned a level 2 spell: Searing Ray
  1015 | D:1      | Reached XP level 3. HP: 19/24 MP: 2/6
  1103 | D:1      | Learned a level 3 spell: Mephitic Cloud
  1401 | D:2      | Noticed Jessica
  1409 | D:2      | Killed Jessica
  1410 | D:2      | Reached XP level 4. HP: 30/30 MP: 2/8
  1618 | D:2      | Identified the +3 ring mail of Kemy {rPois rCorr}
  2082 | D:2      | Reached skill level 5 in Conjurations
  2325 | D:3      | Reached XP level 5. HP: 35/35 MP: 5/10
  2426 | D:3      | Learned a level 4 spell: Fulminant Prism
  2659 | D:3      | Identified the ring "Lyizor" {rC+ Will+ MP+9 Int+4 Dex+3}
  2910 | D:3      | Found a glowing silver altar of Zin.
  2912 | D:3      | Noticed a centaur
  2919 | D:3      | Killed a centaur
  2920 | D:3      | Reached XP level 6. HP: 8/41 MP: 13/13
  3049 | D:3      | Found an opulent altar of Gozag.
  3098 | D:3      | Learned a level 4 spell: Iskenderun's Mystic Blast
  3191 | D:3      | Reached skill level 5 in Spellcasting
  3743 | D:4      | Reached skill level 1 in Hexes
  3743 | D:4      | Reached skill level 1 in Translocations
  3743 | D:4      | Reached skill level 1 in Poison Magic
  3787 | D:4      | Found a staircase to the Ecumenical Temple.
  3800 | Temple   | Entered the Ecumenical Temple
  4103 | Temple   | Became a worshipper of Vehumet
  4233 | D:4      | Found a runed translucent gate.
  4234 | D:4      | Found a runed translucent gate.
  4234 | D:4      | Found an opulent altar of Gozag.
  4251 | D:4      | Reached XP level 7. HP: 46/46 MP: 14/14
  4615 | D:4      | Found a runed translucent gate.
  4618 | D:4      | Noticed Dittersdorf's ghost (amateur GrFi)
  4964 | D:5      | Entered Level 5 of the Dungeon
  5256 | D:5      | Reached XP level 8. HP: 52/52 MP: 13/15
  5864 | D:5      | Noticed a vampire
  6059 | D:6      | Reached skill level 1 in Fighting
  6449 | D:6      | Reached * piety under Vehumet
  6449 | D:6      | Offered knowledge of Foxfire by Vehumet.
  6795 | D:6      | Reached XP level 9. HP: 62/62 MP: 17/17
  7118 | D:6      | Noticed a hornet
  7127 | D:6      | Paralysed by a hornet for 2 turns
  7136 | D:6      | Killed a hornet
  7472 | D:6      | Reached ** piety under Vehumet
  7472 | D:6      | Offered knowledge of Shock by Vehumet.
  8592 | D:7      | Reached skill level 5 in Dodging
  8690 | D:7      | Reached XP level 10. HP: 73/73 MP: 19/19
  8980 | D:7      | Offered knowledge of Scorch by Vehumet.
  8997 | D:7      | Reached skill level 5 in Fighting
  9000 | D:7      | Learned a level 2 spell: Scorch
  9005 | D:7      | Learned a level 4 spell: Sticky Flame
  9303 | D:7      | Reached skill level 1 in Fire Magic
  9529 | D:7      | Reached *** piety under Vehumet
  9530 | D:7      | Reached skill level 2 in Fire Magic
  9830 | D:7      | Identified the +1 leather armour of the Pink Corner {Will+}
 10076 | D:8      | Reached skill level 3 in Fire Magic
 10258 | D:8      | Found a shimmering altar of Xom.
 10428 | D:8      | Found an iron altar of Okawaru.
 10443 | D:8      | Found a staircase to the Lair.
 10458 | D:8      | Offered knowledge of Stone Arrow by Vehumet.
 10519 | D:8      | Reached skill level 4 in Fire Magic
 10578 | D:8      | Noticed a catoblepas
 10604 | D:8      | Killed a catoblepas
 10605 | D:8      | Reached XP level 11. HP: 48/81 MP: 4/22
 11424 | D:9      | Reached skill level 5 in Fire Magic
 11898 | D:9      | Noticed Harold
 11904 | D:9      | Killed Harold
 11905 | D:9      | Reached skill level 6 in Fire Magic
 12267 | D:9      | Reached **** piety under Vehumet
 12815 | D:10     | Entered Level 10 of the Dungeon
 13118 | D:10     | Noticed elongatedgoose's ghost (journeyman TrGl)
 13119 | D:10     | Found a runed translucent door.
 13835 | D:11     | Found Viyphan's Magic Scroll Shop.
 13839 | D:11     | Bought a scroll of immolation for 68 gold pieces
 13839 | D:11     | Bought a scroll of teleportation for 51 gold pieces
 13839 | D:11     | Bought a scroll of teleportation for 51 gold pieces
 13839 | D:11     | Bought a scroll of teleportation for 51 gold pieces
 13839 | D:11     | Bought a scroll of fear for 68 gold pieces
 13839 | D:11     | Bought a scroll of fog for 68 gold pieces
 13929 | D:11     | Offered knowledge of Frozen Ramparts by Vehumet.
 13974 | D:11     | Reached skill level 7 in Fire Magic
 14710 | D:11     | Identified the ring "Bibyigis" {MP+9 Str+3 Int+3}
 14995 | D:12     | Noticed a cyclops
 15111 | Lair:1   | Entered Level 1 of the Lair of Beasts
 15173 | Lair:1   | Reached XP level 12. HP: 40/91 MP: 24/24
 15626 | Lair:1   | Reached skill level 8 in Fire Magic
 16915 | Lair:2   | Reached skill level 9 in Fire Magic
 17222 | Lair:2   | Found a hole to the Spider Nest.
 17225 | Lair:2   | Noticed a pharaoh ant
 17228 | Lair:2   | Killed a pharaoh ant
 17243 | Lair:2   | Reached ***** piety under Vehumet
 17440 | Lair:2   | Offered knowledge of Yara's Violent Unravelling by Vehumet.
 17473 | Lair:2   | Learned a level 5 spell: Yara's Violent Unravelling
 17508 | Lair:2   | Reached XP level 13. HP: 79/99 MP: 24/26
 17856 | Lair:2   | Reached skill level 10 in Fire Magic
 18193 | Lair:2   | Found a staircase to the Swamp.
 18291 | Spider:1 | Entered Level 1 of the Spider Nest
 18778 | Lair:3   | Reached skill level 10 in Spellcasting
 19264 | Lair:3   | Reached skill level 10 in Dodging
 19415 | Lair:3   | Reached skill level 10 in Fighting
 19415 | Lair:3   | Reached skill level 1 in Transmutations
 19579 | Lair:3   | Noticed a six-headed hydra
 19587 | Lair:3   | Killed a six-headed hydra
 20089 | Lair:4   | Reached skill level 5 in Hexes
 21144 | Lair:5   | Entered Level 5 of the Lair of Beasts
 22557 | D:12     | Found a staircase to the Orcish Mines.
 22640 | Orc:1    | Entered Level 1 of the Orcish Mines
 22789 | Orc:1    | Reached XP level 14. HP: 111/111 MP: 28/28
 22821 | Orc:1    | Learned a level 8 spell: Ignition
 23122 | Orc:2    | Entered Level 2 of the Orcish Mines
 23458 | Orc:2    | Reached skill level 11 in Fire Magic
 23742 | Orc:1    | Offered knowledge of Orb of Destruction by Vehumet.
 23897 | Orc:2    | Found a staircase to the Elven Halls.
 24896 | Orc:2    | Found Aryus's Magic Scroll Boutique.
 24917 | Orc:2    | Bought 2 scrolls of blinking for 195 gold pieces
 25056 | Orc:2    | Found Efaxan's Antique Weapon Boutique.
 25056 | Orc:2    | Found Kalaj's Jewellery Emporium.
 25057 | Orc:2    | Found Jeoz's Antique Armour Shoppe.
 25057 | Orc:2    | Found Munn's Distillery.
 25065 | Orc:2    | Bought the ring "Fuarig" {rPois rN+ Str-5 Int+10 Slay+2}
                  | for 751 gold pieces
 25065 | Orc:2    | Bought an amulet of magic regeneration for 450 gold pieces
 25080 | Orc:2    | Learned a level 7 spell: Orb of Destruction
 25082 | Orc:2    | Bought an embroidered robe for 99 gold pieces
 25896 | D:12     | Reached skill level 12 in Fire Magic
 26705 | D:13     | Reached XP level 15. HP: 44/116 MP: 16/31
 27153 | Lair:4   | Reached skill level 13 in Fire Magic
 27196 | Lair:5   | Offered knowledge of Starburst by Vehumet.
 27737 | Lair:5   | Reached skill level 14 in Fire Magic
 27982 | Lair:5   | Found the +8 whip "Snakebite" {venom, curare, rPois}
 28095 | Lair:5   | Identified the +0 ring mail of Naisozxu {-Cast Will++ rCorr
                  | Stlth+}
 28332 | Lair:5   | Found a blossoming altar of Fedhas.
 28786 | Lair:5   | Reached skill level 15 in Fire Magic
 30370 | D:13     | Offered knowledge of Eringya's Noxious Bog by Vehumet.
 30540 | D:13     | Found a gate to the Vaults.
 30743 | D:14     | Reached XP level 16. HP: 123/123 MP: 32/32
 30749 | D:14     | Found a large runed translucent door.
 30750 | D:14     | Found a large runed translucent door.
 30755 | D:14     | Noticed Ytheofip's ghost (journeyman FoFi)
 30773 | D:14     | Reached skill level 10 in Conjurations
 31270 | D:15     | Entered Level 15 of the Dungeon
 32012 | D:14     | Identified the +3 spear of Jutujoil {heavy, rElec Dex+4}
 32203 | D:14     | Killed Ytheofip's ghost
 32470 | D:15     | Noticed Rupert
 32481 | D:15     | Killed Rupert
 32822 | D:15     | Found a runed translucent door.
 32824 | D:15     | Found a shimmering altar of Xom.
 32824 | D:15     | Noticed cheesebisquit's ghost (journeyman MfHs)
 33442 | D:15     | Found a staircase to the Depths.
 33770 | Swamp:1  | Entered Level 1 of the Swamp
 33777 | Swamp:1  | Reached skill level 16 in Fire Magic
 33941 | Swamp:1  | Offered knowledge of Lee's Rapid Deconstruction by Vehumet.
 34502 | Swamp:2  | Reached skill level 1 in Shields
 34799 | Swamp:1  | Learned a level 3 spell: Swiftness
 34913 | Swamp:2  | Reached XP level 17. HP: 131/131 MP: 22/33
 35199 | Swamp:2  | Slain by a bunyip

Illustrated notes

Levels and vault maps discovered:
D:1:      lemuel_arrival_funnel, layout_basic
D:2:      layout_loops_cross, uniq_jessica
D:3:      minmay_bubble_buster, layout_basic,
          grunt_temple_overflow_gold_and_silver, grunt_decor_resistance
D:4:      layout_basic, minmay_temple_entry_arrows, ebering_ghost_gozag
D:5:      layout_cave_pods, serial_glass, glass_columns_a, glass_columns_b,
          cheibrodos_sewer_entry_drain, minmay_misc_feat_secret_circle,
          serial_park_tiny_2
D:6:      kb_forest_paths, layout_basic
D:7:      layout_cave_pools, serial_gnoll_camp, gnoll_camp_mini_hut,
          gnoll_camp_mini_loothouse, gnoll_camp_mini_hut, gnoll_camp_mini_hut,
          st_stairs_11
D:8:      kennysheep_big_flooded_room, layout_loops_ring,
          mainiacjoe_overflow_catch_the_wave, lair_entry_dummy, minivault_5
D:9:      layout_loops_ring, david_defended_altar_orc, uniq_harold
D:10:     layout_loops_ring, hellmonk_ghost_happy_afterlife,
          grunt_decor_one_mirror, serial_bayou_pond_c, hex_tiny
D:11:     layout_roguey, serial_shops, shop, minmay_misc_feat_tower,
          hangedman_tell_no_tales
D:12:     layout_basic, erik_orc_1, st_stairs_9, onia_ninara_cookie
D:13:     layout_cave_pools, lightli_vaults_fourway_checkpoint
D:14:     minmay_the_grid_octo_tiled_squarecenter_mashed
          [minmay_the_grid_octo_pinwheel, minmay_the_grid_octo_checkerflower,
          minmay_the_grid_octo_odd_swirl, minmay_the_grid_octo_tetromino_candy,
          minmay_the_grid_square_5x5_megaprize_hollow,
          minmay_the_grid_square_5x5_inverted_slash,
          minmay_the_grid_square_5x5_tetrominoes,
          minmay_the_grid_square_5x5_spiral,
          minmay_the_grid_square_5x5_minimal], layout_cave_pools,
          ebering_ghost_disaster_area
D:15:     gammafunk_enter_depths_forms, layout_basic, hex_medium,
          ebering_ghost_xom, uniq_rupert
Temple:   hc_temple_tempest_star
Lair:1:   layout_chaotic_city, chequers_serial_rivers_large_a
Lair:2:   layout_gridlike, nicolae_swamp_entry_splash_gauntlet,
          nicolae_spider_entry_lesser_pyramids
Lair:3:   layout_layer_cave, chequers_serial_rivers_marsh
Lair:4:   layout_layer_cave, minmay_slime_entry_oklob_enclosed,
          infiniplex_staircase_pool, lemuel_fruit_fields
Lair:5:   due_jungle_book, layout_loops_ring, tgw_fedhas
Swamp:1:  layout_falls_marsh, evilmike_swamp_ruin_house_3
Swamp:2:  layout_basic_swamp, gammafunk_ghost_wrathful_warriors,
          evilmike_swamp_ruin_house_5, swamp_pool1, nicolae_swamp_fairy_circle
Spider:1: layout_spider_delve
Orc:1:    layout_caves, basic_altar
Orc:2:    st_orc_ogre_mass, layout_caves, serial_shops,
          nicolae_shop_behind_doors

Skill      XL: |  1  2  3  4  5  6  7  8  9 10 11 12 13 14 15 16 17 |
---------------+----------------------------------------------------+-----
Spellcasting   | 3 4 5 6 7 8 9 10 12 | 12.6
Conjurations   | 5 6 7 9 11 | 11.8
Hexes          | 1 3 4 5 |  5.0
Translocations | 1 3 4 |  4.0
Poison Magic   | 1 |  1.0
Fighting       | 2 4 6 7 8 10 11 | 11.4
Dodging        | 3 5 6 7 9 10 | 10.3
Fire Magic     | 4 7 9 10 12 15 16 | 16.3
Transmutations | 3 |  3.0
Shields        | 3 4 |  4.0
Stealth        | |  2.0
Air Magic      | |  0.9

Action                     |  1- 3 |  4- 6 |  7- 9 | 10-12 | 13-15 | 16-18 || total
---------------------------+-------+-------+-------+-------+-------+-------++-------
  Melee: Unarmed           |    16 |       |       |       |       |       ||    16
         Whip              |       |     1 |       |       |     7 |    26 ||    34
         Short sword       |       |       |    13 |       |       |       ||    13
         Great sword       |       |       |     2 |   106 |    71 |       ||   179
         Punch             |       |       |       |       |     1 |       ||     1
   Cast: Magic Dart        |    58 |    85 |   120 |   139 |   102 |    23 ||   527
         Searing Ray       |       |    10 |    68 |     8 |       |       ||    86
         Iskenderun's Myst |       |       |     2 |     7 |     3 |       ||    12
         Fulminant Prism   |       |       |     2 |     5 |     6 |       ||    13
         Mephitic Cloud    |       |       |     4 |     2 |     4 |     1 ||    11
         Scorch            |       |       |       |   158 |   376 |    63 ||   597
         Sticky Flame      |       |       |       |   113 |   139 |    24 ||   276
         Ignition          |       |       |       |       |    42 |    58 ||   100
         Orb of Destructio |       |       |       |       |    25 |    33 ||    58
  Evoke: Wand              |       |       |       |       |       |     3 ||     3
    Use: Scroll            |       |    11 |     6 |    13 |    17 |     3 ||    50
         Potion            |       |       |     3 |       |       |       ||     3
 Armour: Robe              |     6 |     4 |    36 |    91 |   111 |    27 ||   275
  Dodge: Dodged            |    10 |     6 |    85 |   275 |   284 |    60 ||   720
  Block: Buckler           |       |       |       |       |       |     5 ||     5

Table legend: (Time is in decaauts)
 A = Elapsed time spent in this place.
 B = Non-inter-level travel time spent in this place.
 C = Inter-level travel time spent in this place.
 D = Time resting spent in this place.
 E = Time spent auto-exploring this place.
 F = Levels seen in this place.
 G = Mean time per level.
                   A        B        C        D        E       F      G
               +--------+--------+--------+--------+--------+-----+--------+
         Total |  35484 |  33496 |   1988 |   4504 |  24360 |  26 | 1364.8 |
       Dungeon |  22495 |  21220 |   1275 |   1782 |  16692 |  15 | 1499.7 |
        Temple |    330 |    304 |     26 |      0 |    282 |   1 |  330.0 |
          Lair |   8626 |   8143 |    483 |    965 |   5978 |   5 | 1725.2 |
         Swamp |   1421 |   1344 |     77 |    811 |    329 |   2 |  710.5 |
   Spider Nest |      1 |      1 |      0 |      0 |      0 |   1 |    1.0 |
  Orcish Mines |   2608 |   2483 |    125 |    946 |   1078 |   2 | 1304.0 |
               +--------+--------+--------+--------+--------+-----+--------+

Top non-repeatable levels by time:
    D:12: 3249 daAuts
     D:6: 2573 daAuts
  Lair:5: 2127 daAuts
     D:8: 1946 daAuts
  Lair:4: 1899 daAuts
    D:14: 1687 daAuts
  Lair:2: 1679 daAuts
  Lair:1: 1635 daAuts
     D:7: 1474 daAuts
     D:3: 1471 daAuts
    D:11: 1388 daAuts
     D:1: 1321 daAuts
     D:9: 1320 daAuts
   Orc:1: 1305 daAuts
   Orc:2: 1302 daAuts
